 Dungeon Crawl Stone Soup version 0.18.1-48-g4cf74bf (webtiles) character file.

329 Lindan9 the Conjurer (level 6, -2/45 HPs)
             Began as a Demigod Conjurer on Aug 16, 2016.
             Slain by a gnoll
             ... wielding a +0 flail
              (5 damage)
             ... on level 3 of the Dungeon.
             The game lasted 00:17:37 (2216 turns).

Lindan9 the Conjurer (Demigod Conjurer)             Turns: 2216, Time: 00:17:37

Health: -2/45      AC:  4    Str: 11    XL:     6   Next: 4%
Magic:  1/14       EV:  7    Int: 23    God:
Gold:   194        SH:  0    Dex: 16    Spells: 1 memorised, 11 levels left

rFire  . . .     SeeInvis .     t - +2 dagger (venom)
rCold  . . .     Gourm    .     a - +1 robe
rNeg   . . .     Faith    .     (no shield)
rPois  .         Spirit   .     (no helmet)
rElec  .         Dismiss  .     (no cloak)
rCorr  .         Reflect  .     (no gloves)
SustAt +         Harm     .     (no boots)
MR     .....                    (no amulet)
Stlth  +++.......               j - ring of stealth
                                e - +1 ring of protection

@: held, not resistant to hostile enchantments, fairly stealthy
A: high mp 1, sustain attributes
a: no special abilities


You were on level 3 of the Dungeon.
You were not hungry.

You visited 1 branch of the dungeon, and saw 3 of its levels.

You collected 194 gold pieces.

Inventory:

Hand Weapons
 d - a +0 dagger
 q - a +0 dagger of venom
 r - a +0 scythe
 t - a +2 dagger of venom (weapon)
 v - a cursed -1 mace
Armour
 a - a +1 robe (worn)
Jewellery
 e - a +1 ring of protection (left hand)
 j - a ring of stealth (right hand)
Wands
 m - a wand of paralysis (10/24)
Scrolls
 l - a scroll of blinking
 o - 2 scrolls of identify
 u - 2 scrolls of remove curse
 w - 2 scrolls of enchant weapon
Potions
 f - a potion of lignification {unknown}
 i - a potion of cure mutation {unknown}
 k - a potion of resistance
 n - a potion of magic {unknown}
 p - a potion of curing {unknown}
 s - a potion of mutation {unknown}
Books
 b - a book of Conjurations

   Spells                             Type                      Level
   a - Magic Dart                     Conjuration                  1
   b - Searing Ray                    Conjuration                  2
   c - Dazzling Spray                 Conjuration/Hexes            3
   d - Fulminant Prism                Conjuration/Hexes            4
   e - Iskenderun's Mystic Blast      Conjuration                  4
   f - Iskenderun's Battlesphere      Conjuration/Charms           5
Comestibles
 c - a bread ration
 g - 2 slices of pizza
 h - a beef jerky


   Skills:
 + Level 0.1 Short Blades
 + Level 2.4 Dodging
 + Level 1.9 Stealth
 * Level 3.6 Spellcasting
 * Level 5.5 Conjurations


You had 11 spell levels left.
You knew the following spells:

 Your Spells              Type           Power        Failure   Level  Hunger
a - Magic Dart            Conj           ####         1%          1    None


Dungeon Overview and Level Annotations

Branches:
Dungeon (3/15)


Innate Abilities, Weirdness & Mutations

You have an increased reservoir of magic (+10% MP).
Your attributes are resistant to harm.


Message History

Press: ? - help, Shift-Dir - straight line, f/p - gnoll
Aim: a gnoll, wielding a flail (moderately wounded)
The magic dart hits the gnoll.
The gnoll is heavily wounded.
The gnoll hits you with a flail!
Casting: Magic Dart
Confirm with . or Enter, or press ? or * to list all spells.
You don't have enough magic to cast that spell.
Unknown command.
You are held in a net!
You are held in a net!
You are held in a net!
You are held in a net!
The gnoll barely misses you. The gnoll hits you with a flail!
* * * LOW HITPOINT WARNING * * *
You try to slip out of the net.
The gnoll hits you with a flail.
* * * LOW HITPOINT WARNING * * *
You try to slip out of the net.
The gnoll hits you with a flail.
You die...

.......#***,*
*****,,,,,* #.#.#
...##### *,* *,,,,,*
#.#.# ...# *,* ***###*
#.... ...# *,*
##.########.# ...## *,*
#.#.........# ....#
#*,** ######.##########
#.#.# *#..,** #......#
#.#.## **.....###.###..#
.....#**,....lSg@.# #..#
###....,,.....###.###.##
###>,.#**...,***#.....#
.....,* *.,,,,,*#######
#.##,,***,*,**,*
....,,,,,,*,**,*
#.###***,**,,*,* *,#***
*,***,*,* ,,,,,*
*,***,*,*


You could see a gnoll, a ball python and a giant newt.

Vanquished Creatures
  Sigmund (D:3)
  Ijyb (D:3)
  3 gnolls (D:3)
  4 adders
  2 giant geckos
  3 orcs (D:3)
  11 bats
  6 giant cockroaches
  11 goblins
  6 hobgoblins
  3 quokkas
  2 giant newts (D:3)
  9 kobolds
  8 rats
70 creatures vanquished.

Notes
Turn   | Place    | Note
--------------------------------------------------------------
     0 | D:1      | Lindan9 the Demigod Conjurer began the quest for the Orb.
     0 | D:1      | Reached XP level 1. HP: 14/14 MP: 5/5
   265 | D:1      | Reached XP level 2. HP: 20/20 MP: 5/7
   281 | D:1      | Reached skill level 4 in Conjurations
   908 | D:2      | Reached XP level 3. HP: 26/26 MP: 3/8
  1229 | D:2      | Found an iron altar of Okawaru.
  1568 | D:3      | Reached XP level 4. HP: 33/33 MP: 3/10
  1657 | D:3      | Noticed Ijyb
  1665 | D:3      | Killed Ijyb
  2035 | D:3      | Noticed Sigmund
  2049 | D:3      | Killed Sigmund
  2049 | D:3      | Reached skill level 5 in Conjurations
  2049 | D:3      | Reached XP level 5. HP: 23/38 MP: 1/13
  2201 | D:3      | Reached XP level 6. HP: 44/45 MP: 5/14
  2216 | D:3      | Slain by a gnoll

Skill      XL: |  1  2  3  4 |
---------------+-------------+-----
Spellcasting   | 2 3 |  3.6
Conjurations   | 4 5 |  5.5
Dodging        | 2 |  2.4
Short Blades   | |  0.1
Stealth        | |  1.9

Action                   |  1- 3 |  4- 6 || total
-------------------------+-------+-------++-------
Melee: Dagger            |     3 |    11 ||    14
 Cast: Magic Dart        |    88 |    62 ||   150
  Use: Scroll            |     8 |     2 ||    10
  Eat: Bread ration      |     1 |       ||     1
Armor: Robe              |     3 |     1 ||     4
Dodge: Dodged            |    13 |    13 ||    26
